Map: New Repugnancy LE

Players

ShoWTimE

  • Race: Protoss Protoss
  • Spawn Location: 7:00

Clem - Winner!

  • Race: Terran Terran
  • Spawn Location: 1:00

Event: 2019 WCS Spring

VOD

Have the link to the VOD?

Description

Time

  • Played on: May 18, 2019, 12:14 p.m.
  • Length: 11:34

All games in this series

Show
View Real Time Build Order
Export as new Build Order

ShoWTimE Protoss 

Build Orders: 1 Gate Expand, Oracle Opening 

Get SALT Encoding   

  12  0:00  Probe  
  13  0:12  Probe  
  14  0:18  Pylon  
  14  0:24  Probe  
  15  0:32  Probe  
  15  0:37  Gateway  
  15  0:40  Probe  
  16  0:46  Assimilator  
  17  0:51  Probe  
  18  1:03  Probe  
  19  1:15  Probe  
  20  1:24  Cybernetics Core  
  20  1:34  Nexus  
  20  1:36  Probe  
  21  1:43  Pylon  
  21  1:48  Probe  
  21  1:51  Assimilator, Adept  
  22  2:00  Probe  
  25  2:13  Probe  
  25  2:15  Adept  
  26  2:19  Stargate  
  26  2:25  Probe  
  26  2:29  Warp Gate  
  29  2:37  Probe  
  29  2:43  Probe  
  29  2:44  Adept  
  29  2:49  Probe  
  29  2:51  Probe  
  33  2:54  Oracle  
  34  3:01  Probe x2  
  39  3:13  Probe x2  
  41  3:25  Probe  
  42  3:27  Probe, Gateway  
  42  3:28  Gateway  
  42  3:31  Oracle  
  42  3:32  Pylon  
  44  3:45  Probe  
  44  3:46  Probe  
  46  3:50  Pylon  
  46  3:58  Probe x2  
  46  3:59  Oracle  
  51  4:15  Probe  
  52  4:18  Pylon  
  52  4:22  Adept x3  
  58  4:31  Nexus  
  58  4:33  Probe  
  58  4:35  Oracle  
  59  4:41  Pylon  
  62  4:46  Adept  
  62  4:49  Adept  
  66  4:54  Adept  
  66  4:55  Probe x2  
  70  5:00  Assimilator  
  70  5:04  Assimilator  
  70  5:07  Probe x2  
  70  5:08  Pylon  
  72  5:15  Forge  
  72  5:16  Twilight Council  
  72  5:19  Probe x2  
  74  5:28  Charge  
  72  5:31  Probe x2  
  72  5:33  Stalker  
  61  5:37  Protoss Ground Armor Level 1  
  59  5:47  Gateway  
  59  5:48  Adept x2, Gateway  
  62  5:50  Gateway  
  62  5:54  Gateway  
  60  6:04  Gateway  
  60  6:05  Probe  
  60  6:06  Probe x2  
  63  6:12  Zealot, Sentry  
  63  6:18  Probe x3  
  70  6:22  Pylon  
  70  6:23  Zealot  
  72  6:30  Pylon  
  75  6:36  Zealot x2, Shield Battery  
  76  6:41  Zealot  
  76  6:45  Templar Archives  
  78  6:48  Zealot x3  
  78  6:52  Pylon  
  84  6:55  Zealot  
  84  6:59  Zealot  
  84  7:00  Zealot  
  90  7:06  Zealot x2  
  94  7:11  Zealot x3  
  100  7:17  Zealot  
  91  7:23  Zealot x2  
  91  7:28  Zealot x2  
  79  7:32  Zealot x3  
  79  7:34  Blink  
  81  7:38  Zealot  
  81  7:49  Zealot  
  81  7:50  Zealot x3  
  77  7:52  Sentry x2  
  77  7:53  Sentry  
  83  8:00  Stalker  
  83  8:02  Protoss Ground Armor Level 2  
  83  8:04  Psionic Storm  
  81  8:06  Probe x2  
  81  8:11  High Templar x2  
  81  8:12  Zealot x2  
  88  8:13  Probe  
  88  8:18  Probe  
  89  8:22  Stalker x2  
  93  8:31  Probe  
  93  8:32  Probe  
  95  8:34  Probe  
  95  8:35  Zealot  
  95  8:37  High Templar  
  100  8:41  Zealot  
  100  8:45  Assimilator  
  100  8:48  Assimilator, Pylon  
  102  8:53  Robotics Facility  
  102  9:00  Zealot x2  
  102  9:01  Pylon  
  103  9:14  Zealot x2  
  99  9:18  Zealot  
  99  9:19  Probe  
  98  9:25  Zealot x3  
  104  9:33  Probe  
  104  9:34  Pylon  
  105  9:39  Pylon  
  105  9:40  Stalker  
  105  9:44  Zealot  
  109  9:49  Pylon  
  109  10:01  Stalker x3  
  109  10:04  Zealot x2  
  109  10:05  Archon  
  113  10:13  Zealot  
  103  10:24  Gateway  
  103  10:25  Gateway  
  103  10:26  High Templar x5  
  109  10:33  Probe  
  109  10:34  Probe  
  109  10:35  Probe  
  112  10:39  Zealot  
  113  10:49  Observer  
  112  10:53  Pylon  
  112  10:58  Pylon  
  112  11:00  Zealot x2  
  116  11:13  Zealot x3  
  116  11:14  Pylon  
  122  11:27  Zealot  
Show
View Real Time Build Order
Export as new Build Order

Clem Terran - Winner!

Build Orders:  

Get SALT Encoding   

  12  0:00  SCV  
  13  0:12  SCV  
  14  0:18  Supply Depot  
  14  0:24  SCV  
  15  0:29  Refinery  
  15  0:39  SCV  
  16  0:44  Barracks  
  16  0:51  SCV  
  17  1:03  SCV  
  18  1:15  SCV  
  19  1:30  SCV  
  19  1:31  Reaper  
  21  1:35  Command Center  
  21  1:46  Orbital Command  
  21  1:56  Factory  
  21  2:07  Barracks Reactor  
  21  2:10  Supply Depot  
  21  2:12  SCV  
  22  2:20  Refinery  
  22  2:24  SCV  
  23  2:36  SCV  
  24  2:42  Marine  
  24  2:43  Marine  
  26  2:44  Starport  
  26  2:48  SCV  
  26  2:49  Widow Mine  
  29  2:53  Orbital Command  
  29  3:00  SCV  
  29  3:02  Marine x2  
  33  3:12  SCV  
  33  3:15  Factory Tech Lab  
  33  3:19  SCV, Marine  
  34  3:20  Marine  
  34  3:25  SCV  
  37  3:28  Viking  
  37  3:31  SCV  
  39  3:38  Siege Tank  
  42  3:42  Marine x2  
  42  3:47  Supply Depot  
  43  3:49  SCV  
  43  3:51  SCV  
  45  4:02  SCV  
  46  4:03  Barracks  
  46  4:06  Barracks  
  46  4:09  SCV  
  47  4:10  Marine x2  
  47  4:15  SCV, Supply Depot  
  50  4:22  Siege Tank  
  53  4:25  SCV  
  53  4:27  Engineering Bay  
  53  4:29  Refinery  
  54  4:35  Starport Tech Lab  
  54  4:36  SCV, Marine x2  
  57  4:39  SCV  
  57  4:42  Supply Depot  
  58  4:50  SCV  
  58  4:51  SCV  
  60  4:58  Terran Infantry Weapons Level 1  
  60  5:00  Supply Depot  
  60  5:02  SCV  
  60  5:04  Combat Shield, Stimpack, Supply Depot  
  60  5:06  Marauder  
  63  5:08  Marauder  
  63  5:10  SCV  
  63  5:11  Marine  
  63  5:12  Marine  
  68  5:16  Starport Reactor, Factory Reactor  
  68  5:19  SCV  
  69  5:23  SCV  
  69  5:27  Marine  
  59  5:29  Marine x2  
  59  5:31  SCV  
  59  5:34  Marine  
  59  5:35  SCV  
  51  5:43  SCV  
  51  5:45  Marauder  
  51  5:47  SCV, Marine  
  55  5:52  Marauder, Marine  
  55  5:56  Widow Mine x2  
  62  6:02  Medivac x2  
  66  6:07  Missile Turret  
  66  6:09  Missile Turret  
  66  6:11  Marine x2  
  66  6:16  Marauder  
  66  6:17  Marauder  
  72  6:20  Widow Mine  
  72  6:21  Widow Mine  
  72  6:25  SCV x2  
  78  6:27  Concussive Shells  
  78  6:29  Marine x2  
  80  6:37  SCV  
  80  6:38  Marauder  
  80  6:39  Supply Depot  
  83  6:40  SCV  
  83  6:41  Marauder  
  86  6:52  Marine  
  86  6:53  Widow Mine x2, Supply Depot, Marine  
  91  6:58  SCV x2  
  93  7:03  Marauder  
  95  7:11  Marine x2  
  95  7:13  Marauder  
  95  7:14  Medivac  
  101  7:19  Widow Mine x2  
  101  7:21  SCV x2, Command Center  
  100  7:25  Marauder  
  102  7:30  Supply Depot  
  102  7:31  Marine x2  
  104  7:39  Marauder  
  104  7:45  SCV x2, Barracks x2  
  99  7:56  Medivac x2  
  99  7:57  SCV x2, Marine  
  99  7:58  Marine  
  107  8:01  Marauder  
  105  8:09  SCV x2  
  105  8:10  Marauder  
  105  8:15  Refinery, Supply Depot  
  103  8:21  SCV, Terran Infantry Armor Level 1  
  103  8:25  Marine x2  
  103  8:26  Marauder  
  108  8:31  Marauder  
  108  8:34  Widow Mine x2  
  112  8:37  Barracks Reactor, Barracks Tech Lab  
  112  8:39  SCV x2  
  114  8:43  Orbital Command  
  114  8:44  Marine x2  
  114  8:47  Marine  
  117  8:49  Medivac  
  117  8:51  SCV x2  
  117  8:54  Supply Depot  
  117  8:55  Medivac  
  123  8:57  Marauder  
  125  9:03  SCV  
  125  9:06  Marine x2  
  125  9:08  Marauder x2  
  136  9:10  SCV, Widow Mine x2  
  136  9:15  Marine  
  133  9:18  Marauder  
  133  9:19  SCV  
  133  9:22  SCV, Marine  
  136  9:24  Marine  
  136  9:29  Armory, Marauder x2  
  136  9:30  Engineering Bay  
  141  9:34  Command Center  
  141  9:39  Widow Mine  
  141  9:40  Medivac  
  141  9:42  Medivac  
  141  9:44  Marine x2  
  149  9:52  Supply Depot  
  149  9:54  Supply Depot  
  149  9:56  Marauder x2  
  149  9:58  Barracks  
  149  9:59  Widow Mine  
  155  10:00  Marauder  
  155  10:04  Marine x2, Widow Mine  
  137  10:16  Marine  
  137  10:18  Marauder  
  137  10:20  Marauder, Marine, Widow Mine  
  139  10:21  Marauder  
  139  10:24  Barracks  
  139  10:25  Widow Mine  
  141  10:29  Marine  
  142  10:39  Marauder  
  142  10:40  Refinery  
  142  10:41  Refinery  
  142  10:42  Marine x3  
  147  10:44  Widow Mine  
  147  10:47  Marauder, Widow Mine  
  153  10:51  SCV  
  153  10:52  SCV x2  
  153  10:54  Barracks Tech Lab  
  156  11:04  SCV x2  
  158  11:05  Marine x3  
  158  11:06  Marine x2  
  164  11:12  Barracks Tech Lab  
  164  11:14  SCV  
  164  11:16  SCV  
Tags
 
Add a new tag
Caveats
  • Supply blocks, unpowered buildings, or Contaminate may cause inaccurate times.
  • Supply counts are checked every 10 seconds.